 Dungeon Crawl Stone Soup version 0.17-a0-1210-g1e4f09d (webtiles) character file.

41 kidanger the Ruffian (level 3, -6/23 HPs)
             Began as a Gargoyle Monk on June 4, 2015.
             Mangled by Crazy Yiuf
             ... wielding a +4 quarterstaff of chaos
              (13 damage)
             ... on level 2 of the Dungeon.
             The game lasted 00:05:17 (1591 turns).

kidanger the Ruffian (Gargoyle Monk)                Turns: 1591, Time: 00:05:17

Health: -6/23      AC:  9    Str: 15    XL:     3   Next: 52%
Magic:  3/3        EV: 11    Int: 10    God:
Gold:   69         SH:  0    Dex: 12    Spells: 0 memorised, 2 levels left

rFire  . . .     SeeInvis .     i - +2 hand axe (chop)
rCold  . . .     Clarity  .     h - +0 ring mail
rNeg   + . .     SustAt   .     (no shield)
rPois  ∞         Gourm    .     (no helmet)
rElec  +         Spirit   .     (no cloak)
rCorr  .         Warding  .     (no gloves)
rMut   .         Stasis   .     d - +0 pair of boots
MR     .....                    (no amulet)
Stlth  +.........               (no ring)
                                m - ring of flight

@: not resistant to hostile enchantments, very unstealthy
A: negative energy resistance 1, electricity resistance, unbreathing,
petrification resistance, rot immunity, AC +3
a: Evoke Flight


You were on level 2 of the Dungeon.
You were hungry.

You visited 1 branch of the dungeon, and saw 2 of its levels.

You collected 69 gold pieces.

Inventory:

Hand weapons
 i - a +2 hand axe of chopping (weapon)
 k - a cursed -3 short sword
Armour
 a - a +0 robe
 d - a +0 pair of boots (worn)
 h - a +0 ring mail (worn)
Jewellery
 m - a ring of flight (left hand)
Scrolls
 f - a scroll of identify
Potions
 e - a potion of ambrosia
 l - a potion of curing {unknown}
Comestibles
 b - a bread ration
 c - a meat ration
 g - a beef jerky


   Skills:
 + Level 3.5 Fighting
 + Level 2.6 Dodging
 + Level 2.6 Stealth
 + Level 4.6 Unarmed Combat


You had 2 spell levels left.
You didn't know any spells.

Dungeon Overview and Level Annotations

Branches:
Dungeon (2/15)

Altars:

Annotations:
D:2 Crazy Yiuf


Innate Abilities, Weirdness & Mutations

You are resistant to torment.
Your stone body is resilient (AC +3).
You are immune to poison.
You resist negative energy.
You are resistant to electric shocks.
You can survive without breathing.
You are immune to petrification.
You are immune to rotting.


Message History

You hit Crazy Yiuf.
Crazy Yiuf is lightly wounded.
Crazy Yiuf hits you with a quarterstaff of chaos.
You completely miss Crazy Yiuf.
Crazy Yiuf is lightly wounded.
Crazy Yiuf hits you with a quarterstaff of chaos.
* * * LOW HITPOINT WARNING * * *
You hit Crazy Yiuf.
Crazy Yiuf is heavily wounded.
Crazy Yiuf closely misses you.
You barely miss Crazy Yiuf.
Crazy Yiuf is heavily wounded.
Crazy Yiuf whimpers, "Scoff aubergine dark!"
Crazy Yiuf closely misses you.
You hit Crazy Yiuf but do no damage.
Crazy Yiuf is heavily wounded.
Crazy Yiuf grits, "Scoff!"
Crazy Yiuf hits you with a quarterstaff of chaos!
Ouch! That really hurt!
You die...

#.....#.# .. #####.# ..#
#.# .)# #.# ### #.# #.#
#.#
#.###.##################
#............)..@g......
#####.##################
#.# #.# #.. #.. #.. #.


You could see Crazy Yiuf.

Vanquished Creatures
  An adder (D:2)
  A worm (D:1)
  3 giant geckos (D:1)
  4 goblins (D:1)
  5 hobgoblins
  3 bats (D:1)
  3 giant cockroaches
  A giant newt (D:1)
  2 kobolds
  7 rats (D:1)
  A bush (D:1)
31 creatures vanquished.

Notes
Turn   | Place    | Note
--------------------------------------------------------------
     0 | D:1      | kidanger the Gargoyle Monk began the quest for the Orb.
     0 | D:1      | Reached XP level 1. HP: 14/14 MP: 1/1
    82 | D:1      | Reached XP level 2. HP: 19/19 MP: 2/2
   834 | D:1      | Reached XP level 3. HP: 21/23 MP: 3/3
  1330 | D:2      | Noticed Crazy Yiuf
  1591 | D:2      | Mangled by Crazy Yiuf

Vault maps used:
D:1:      evilmike_arrival_grusome_pit, serial_forest,
          infiniplex_forest_clump_double, infiniplex_forest_lined_4_way,
          infiniplex_forest_end_3, infiniplex_forest_clump_cross,
          infiniplex_forest_end_2, infiniplex_forest_clump_medium,
          infiniplex_forest_lined_corner, infiniplex_forest_clump_long
D:2:      minmay_misc_feat_doors, uniq_crazy_yiuf_cottage, uniq_robin

Action                   || total
-------------------------++-------
Melee: Unarmed           ||   211
       Hand axe          ||    25
  Use: Scroll            ||     2
 Stab: Sleeping          ||     3
  Eat: Chunk             ||     2
